 Dungeon Crawl Stone Soup version 0.31-a0-1589-g8f5e8aebd6 (webtiles) character file.

Game seed: 7241780682011983077

12105 Dittersdorf the Fighter (level 11, -5/73 HPs)
             Began as a Gargoyle Fighter on Jan 5, 2024.
             Was a High Priest of Okawaru.
             Slain by an orc knight
             ... wielding a +0 great sword
              (16 damage)
             ... on level 10 of the Dungeon.
             The game lasted 00:15:43 (11723 turns).

Dittersdorf the Fighter (Gargoyle Fighter)         Turns: 11723, Time: 00:15:43

Health: -5/73      AC: 29    Str: 25    XL:     11   Next: 88%
Magic:  11/11      EV: 10    Int:  8    God:    Okawaru [*****.]
Gold:   719        SH: 11    Dex:  9    Spells: 10/10 levels left

rFire   . . .        a - +0 flail
rCold   + . .        c - +0 buckler
rNeg    + . .        v - +7 Kryia's mail coat {PotionHeal*2 rC+}
rPois   ∞            l - +1 helmet
rElec   +            y - +0 cloak
rCorr   +            s - +0 pair of gloves
SInv    +            (no boots)
Will    .....        w - amulet of reflection Stlth
                     o - ring of see invisible
HPRegen 0.32/turn    z - ring of resist corrosion
MPRegen 0.12/turn

%: reflection
@: studying Air Magic
A: sickness immunity, AC +8, negative energy resistance 1, electricity
resistance, torment resistance 1, petrification resistance
a: Renounce Religion, Heroism, Finesse, Duel


You were on level 10 of the Dungeon.
You worshipped Okawaru.
Okawaru was extremely pleased with you.
You visited 3 branches of the dungeon, and saw 13 of its levels.

You collected 719 gold pieces.

Inventory:

Hand Weapons
 a - a +0 flail (weapon)
Armour
 c - a +0 buckler (worn)
 f - a scarf of repulsion
 l - a +1 helmet (worn)
 s - a +0 pair of gloves (worn)
 v - the +7 Kryia's mail coat (worn) {PotionHeal*2 rC+}
   (You found it on level 5 of the Dungeon)

   PotionHeal*2: Potions heal its wearer twice as much.
   rC+:       It protects you from cold.
 y - a +0 cloak (worn)
Jewellery
 n - a ring of ice
 o - a ring of see invisible (left hand)
 w - an amulet of reflection (around neck)
 z - a ring of resist corrosion (right hand)
 A - an amulet of magic regeneration
Wands
 d - a wand of flame (6) (quivered)
 x - a wand of acid (2)
Scrolls
 g - a scroll of fear
 h - 4 scrolls of revelation
 k - 5 scrolls of teleportation
 p - a scroll of poison
 q - 2 scrolls of enchant weapon
 t - a scroll of brand weapon
 u - 2 scrolls of identify
Potions
 b - 2 potions of heal wounds
 e - 2 potions of curing
 i - a potion of resistance
 j - 6 potions of mutation
 m - a potion of might
 r - a potion of brilliance


   Skills:
 + Level 10.8 Fighting
 + Level 9.6 Maces & Flails
 + Level 10.8 Armour
 + Level 10.8 Shields


You had 10 spell levels left.
You didn't know any spells.
Your spell library contained the following spells:

 Spells                   Type           Power      Damage    Failure   Level
 Magic Dart               Conj           0%         1d3       69%         1
 Shock                    Conj/Air       0%         1d3       69%         1
 Ensorcelled Hibernation  Hex/Ice        0%         N/A       83%         2
 Searing Ray              Conj           0%         2d4       83%         2
 Passwall                 Erth           0%         N/A       96%         3
 Sigil of Binding         Hex            0%         N/A       96%         3
 Swiftness                Air            0%         N/A       96%         3
 Airstrike                Air            0%         2d(0-16)  100%        4
 Brom's Barrelling Bould  Conj/Erth      0%         2d3       100%        4
 Dimensional Bullseye     Hex/Tloc       0%         N/A       100%        4
 Fulminant Prism          Conj/Alch      0%         3d5       100%        4
 Fireball                 Conj/Fire      0%         3d3       100%        5
 Iskenderun's Battlesphe  Conj           0%         2d6       100%        5
 Lee's Rapid Deconstruct  Erth           0%         3d4*      100%        5
 Conjure Ball Lightning   Conj/Air       0%         3x3d6     100%        6
 Orb of Destruction       Conj           0%         9d5       100%        7
 Call Canine Familiar     Summ           Unusable   N/A       N/A         3
 Animate Armour           Summ/Erth      Unusable   N/A       N/A         4
 Summon Lightning Spire   Summ/Air       Unusable   N/A       N/A         4

Dungeon Overview and Level Annotations

Branches:
Dungeon (10/15)            Temple (1/1) D:7             Orc (2/2) D:10
   Lair: D:8-11         Elf: Orc:2

Altars:
Ashenzari
Cheibriados
Dithmenos
Elyvilon
Fedhas
Gozag
Hepliaklqana
Kikubaaqudgha
Makhleb
Nemelex Xobeh
Okawaru
Qazlal
Ru
Sif Muna
Trog
Uskayaw
Vehumet
Wu Jian
Xom
Yredelemnul
Zin
The Shining One

Shops:
D:2 (


Innate Abilities, Weirdness & Mutations

You are immune to sickness and miasma.
Your stone body is resilient. (AC +8)
You are immune to poison.
You resist negative energy. (rN+)
You are resistant to electric shocks. (rElec)
You are resistant to unholy torment.
You are immune to petrification.


Message History

The orc knight roars a battlecry!
The orc warrior goes into a battle-frenzy!
You hit the orc priest.
You kill the orc priest!
Okawaru accepts your kill.
You hit the orc warrior.
The orc warrior is moderately wounded.
You thump the orc warrior!
The orc warrior is heavily wounded.
The orc warrior hits you but does no damage.
You hit the orc warrior.
The orc warrior is severely wounded.
The orc warrior hits you with a +0 long sword.
You sock the orc warrior!
You kill the orc warrior!
Okawaru accepts your kill.
You sock the orc knight!
The orc knight is lightly wounded.
The orc knight barely misses you.
You barely miss the orc knight.
The orc knight is lightly wounded.
The orc knight hits you with a +0 great sword!!
* * * LOW HITPOINT WARNING * * *
You closely miss the orc knight.
The orc knight is lightly wounded.
The orc knight hits you but does no damage.
You hit the orc knight.
The orc knight is lightly wounded.
The orc knight closely misses you.
You sock the orc knight!
The orc knight is moderately wounded.
The orc knight closely misses you.
You hit the orc knight but do no damage.
The orc knight is moderately wounded.
The orc knight hits you with a +0 great sword!
* * * LOW HITPOINT WARNING * * *
You thump the orc knight!
The orc knight is moderately wounded.
The orc knight hits you with a +0 great sword!
You die...

#.# #.#
######.######.############
.........................#
##################.#######
##### ##)## #...# #)[=#
#.8[# #.8.# #########..)##
##...#
........####'###@####
###.....# ##..o## #.....#
#.>.# #.....# ##..[##
#..)..####[###[####
#.....#..[## ##[..#
#.......8.# #.8.#
#######...# #...# #####
#####


You could see an orc knight.

Vanquished Creatures
  Maurice (D:7)
  2 cyclopes
  2 gargoyles (D:10)
  2 unseen horrors (D:10)
  2 unseen horror zombies (D:8)
  5 trolls
  3 glass eyes (D:10)
  2 hornets (D:10)
  3 shadows
  A vampire (D:7)
  2 wraiths (D:10)
  3 wyverns (D:9)
  12 yaks
  2 steam dragons
  A vampire mosquito (D:10)
  An acid dragon (D:9)
  A water moccasin (D:8)
  6 orc warriors
  2 ice beasts
  A sky beast (D:7)
  A hornet zombie (D:8)
  4 ogres
  A kobold brigand (D:6)
  7 wyvern zombies
  A scorpion (D:5)
  A gnoll sergeant (D:9)
  A bullfrog (D:8)
  Blork the orc (D:6)
  2 water moccasin zombies (D:6)
  A wight (D:8)
  4 howler monkeys
  4 centaur zombies
  3 jellies
  A bombardier beetle (D:5)
  8 orc priests
  3 hounds
  2 sleepcaps
  3 iguanas
  18 orc wizards
  A statue (D:5)
  A killer bee zombie (D:8)
  A howler monkey zombie (D:6)
  3 gnolls (D:9)
  5 adders
  2 shadow imps
  4 white imps
  6 ufetubi
  2 dart slugs
  4 ribbon worms
  46 orcs
  6 endoplasms
  5 giant cockroaches
  5 goblins
  3 hobgoblins
  16 kobolds
  2 quokkas
  10 ball pythons
  6 bats
  7 frilled lizards
  5 rats
260 creatures vanquished.

Vanquished Creatures (others)
  An orc wizard (D:8)
1 creature vanquished.

Grand Total: 261 creatures vanquished

Notes
Turn   | Place    | Note
-------+----------+-------------------------------------------
     0 | D:1      | Dittersdorf the Gargoyle Fighter began the quest for the
                  | Orb.
     0 | D:1      | Reached XP level 1. HP: 14/14 MP: 1/1
   185 | D:1      | Reached XP level 2. HP: 19/19 MP: 2/2
   566 | D:1      | Reached XP level 3. HP: 22/23 MP: 3/3
   913 | D:2      | Reached XP level 4. HP: 29/29 MP: 4/4
  1229 | D:2      | Found Rarud's Antique Weapon Boutique.
  1485 | D:3      | Reached XP level 5. HP: 30/33 MP: 5/5
  1983 | D:4      | Found the +5 woodcutter's axe
  2739 | D:4      | Found a shimmering blue altar of Sif Muna.
  2901 | D:4      | Reached XP level 6. HP: 37/39 MP: 6/6
  2993 | D:5      | Entered Level 5 of the Dungeon
  3005 | D:5      | Noticed an ice beast
  3020 | D:5      | Killed an ice beast
  3118 | D:5      | Found a glowing silver altar of Zin.
  3365 | D:5      | Reached skill level 5 in Fighting
  3365 | D:5      | Reached skill level 5 in Armour
  3365 | D:5      | Reached skill level 5 in Shields
  3451 | D:5      | Reached XP level 7. HP: 41/44 MP: 7/7
  3577 | D:5      | Found a shimmering altar of Xom.
  3579 | D:5      | Found the +7 Kryia's mail coat {PotionHeal*2 rC+}
  3730 | D:5      | Found a radiant altar of Vehumet.
  3774 | D:5      | Found a hazy altar of Hepliaklqana.
  4003 | D:6      | Noticed Blork the orc
  4015 | D:6      | Killed Blork the orc
  4164 | D:6      | Reached XP level 8. HP: 25/51 MP: 8/8
  4384 | D:6      | Reached skill level 5 in Maces & Flails
  4464 | D:6      | Found a basalt altar of Yredelemnul.
  5253 | D:7      | Noticed Maurice
  5255 | D:7      | Maurice stole 125 gold
  5264 | D:7      | Maurice stole 83 gold
  5277 | D:7      | Killed Maurice
  5278 | D:7      | Reached XP level 9. HP: 43/57 MP: 1/9
  5570 | D:7      | Found a staircase to the Ecumenical Temple.
  5579 | Temple   | Entered the Ecumenical Temple
  5596 | Temple   | Became a worshipper of Warmaster Okawaru
  6119 | D:7      | Found a blossoming altar of Fedhas.
  6844 | D:8      | Noticed a troll
  6855 | D:8      | Killed a troll
  6855 | D:8      | Reached * piety under Okawaru
  6867 | D:8      | Reached ** piety under Okawaru
  6963 | D:8      | Reached XP level 10. HP: 47/64 MP: 10/10
  7127 | D:8      | Noticed a cyclops
  7177 | D:8      | Killed a cyclops
  7444 | D:8      | Found a shadowy altar of Dithmenos.
  8017 | D:9      | Reached *** piety under Okawaru
  8529 | D:9      | Found a bloodstained altar of Trog.
  8590 | D:9      | Reached **** piety under Okawaru
  8885 | D:10     | Entered Level 10 of the Dungeon
  8927 | D:10     | Found a glowing golden altar of the Shining One.
  8944 | D:10     | Found an opulent altar of Gozag.
  8969 | D:10     | Found a snail-covered altar of Cheibriados.
  9099 | D:9      | Reached XP level 11. HP: 54/72 MP: 11/11
  9783 | D:10     | Noticed a cyclops
  9795 | D:10     | Killed a cyclops
  9796 | D:10     | Reached skill level 10 in Fighting
  9796 | D:10     | Reached skill level 10 in Armour
  9796 | D:10     | Reached skill level 10 in Shields
  9856 | D:10     | Reached ***** piety under Okawaru
  9986 | D:10     | HP: 1/73 [gargoyle/stone arrow (5)]
  9995 | D:10     | Received a gift from Okawaru
 10501 | D:10     | Found a staircase to the Orcish Mines.
 11021 | Orc:1    | Entered Level 1 of the Orcish Mines
 11058 | Orc:1    | HP: 3/73 [orc priest/divine providence (9)]
 11420 | Orc:2    | Entered Level 2 of the Orcish Mines
 11420 | Orc:2    | Noticed an orc sorcerer
 11420 | Orc:2    | Noticed an orc knight
 11482 | Orc:2    | Paralysed by an orc sorcerer for 3 turns
 11488 | Orc:1    | Noticed a sixfirhy
 11491 | Orc:1    | Noticed a soul eater
 11723 | D:10     | Slain by an orc knight

Illustrated notes

Levels and vault maps discovered:
D:1:      heliophobic_arrival_ceremonial_halls, layout_rooms
D:2:      kb_forest_paths, layout_basic, serial_shops, shop,
          chequers_serial_rivers_small_a
D:3:      layout_loops_ring, minmay_misc_feat_pillars,
          minmay_randomly_rotated_circles
D:4:      layout_loops_corners, lemuel_blue_sif_altar
D:5:      layout_basic, mainiacjoe_overflow_brackets, vehumet_statue,
          mainiacjoe_overflow_surrounded_room, lemuel_tele_altar
D:6:      layout_loops_cross, nicolae_yredelemnul_corpse_copse,
          uniq_blork_the_orc
D:7:      hellmonk_ruined_rings, layout_gridville, mainiacjoe_overflow_alcove_2,
          minmay_temple_entry_sparse_star, uniq_maurice
D:8:      minmay_flawed_box, layout_loops_corners,
          nicolae_dithmenos_through_a_glass_darkly, serial_undead,
          serial_undead_d, serial_undead_a, serial_undead_d, serial_undead_e,
          minmay_manual_monolith
D:9:      layout_basic, mainiacjoe_overflow_tiny_flanked
D:10:     layout_small_grid, tso_metal_star, general_overflow_altar,
          cheibriados_altar_1, hiddenorc2_lemuel, onia_ninara_cookie
Temple:   zaba_magenta_temple
Orc:1:    layout_caves, basic_altar
Orc:2:    st_orc_congregation, layout_diamond_mine, serial_shops, shop

Skill      XL: |  1  2  3  4  5  6  7  8  9 10 11 |
---------------+----------------------------------+-----
Fighting       | 4 5 7 8 9 10 | 10.8
Shields        | 4 5 7 8 9 10 | 10.8
Armour         | 4 5 7 8 9 10 | 10.8
Maces & Flails | 3 4 6 7 8 9 |  9.6

Action                     |  1- 3 |  4- 6 |  7- 9 | 10-12 || total
---------------------------+-------+-------+-------+-------++-------
  Melee: Flail             |    92 |   208 |   378 |   783 ||  1461
  Evoke: Wand              |       |       |     5 |    19 ||    24
    Use: Scroll            |       |    14 |     4 |     2 ||    20
         Potion            |       |       |     1 |     2 ||     3
 Armour: Scale mail        |    69 |    71 |   382 |   542 ||  1064
         Chain mail        |       |   171 |     2 |       ||   173
  Dodge: Dodged            |    40 |   163 |   197 |   267 ||   667
         Repelled          |       |       |     2 |     3 ||     5
  Block: Buckler           |    14 |    69 |   108 |   333 ||   524
         Reflection        |       |       |       |     5 ||     5

Table legend: (Time is in decaauts)
 A = Elapsed time spent in this place.
 B = Non-inter-level travel time spent in this place.
 C = Inter-level travel time spent in this place.
 D = Time resting spent in this place.
 E = Time spent auto-exploring this place.
 F = Levels seen in this place.
 G = Mean time per level.
                   A        B        C        D        E       F      G
               +--------+--------+--------+--------+--------+-----+--------+
         Total |  11889 |  11314 |    575 |   1726 |   6775 |  13 |  914.5 |
       Dungeon |  11513 |  10949 |    564 |   1619 |   6650 |  10 | 1151.3 |
        Temple |     34 |     34 |      0 |      0 |      0 |   1 |   34.0 |
  Orcish Mines |    340 |    329 |     11 |    107 |    125 |   2 |  170.0 |
               +--------+--------+--------+--------+--------+-----+--------+

Top non-repeatable levels by time:
     D:8: 1931 daAuts
    D:10: 1874 daAuts
     D:7: 1246 daAuts
     D:6: 1188 daAuts
     D:9: 1176 daAuts
     D:4: 1116 daAuts
     D:5: 952 daAuts
     D:3: 717 daAuts
     D:2: 660 daAuts
     D:1: 651 daAuts
   Orc:1: 332 daAuts
  Temple: 34 daAuts
   Orc:2: 8 daAuts
